AoeStats
← Oldspice

MegaRandom

508764329Analyzed
4v4 RM · 8d ago on Sep 24, 2026· 17m 24s· 8 players
Game mode
Random Map
Map size
Large (8 player)
Population
200
Speed
Normal
Resources
Standard
Victory
Conquest
Starting age
Dark Age
Ending age
Imperial Age
RankedLock teamsTeams togetherTeam positionsShared explorationLock speedFull tech treeHidden civsTurbo modeCheats
Victory
Defeat
🇨🇦 Saxons · Canada
1595
+17
🇺🇸 Ethiopians · United States
1522
+20
🇺🇸 Danes · United States
1494
+21
🇺🇸 Varangians · United States
1452
+23
🇲🇽 Khmer · Mexico
1790
-27
🇧🇷 Varangians · Brazil
1661
-22
🇲🇦 Persians · Morocco
1595
-20
🇳🇿 Britons · New Zealand
1410
-12
|Thepejezombie
6:15 Loom
8:54 Feudal Age
11:10 Fletching
Samara
0:37 Loom
11:08 Feudal Age
15:02 Castle Age
14:07 Horse Collar
14:15 Double-Bit Axe
16:11 Scale Mail Armor
Not Ben
0:48 Loom
11:41 Feudal Age
15:15 Fletching
16:54 Padded Archer Armor
18:57 Castle Age
17:15 Horse Collar
Mr. M
0:36 Loom
11:37 Feudal Age
15:12 Castle Age
13:26 Double-Bit Axe
13:21 Horse Collar
17:23 Bow Saw
17:23 Heavy Plow
TheHairlessBear
2:53 Loom
10:19 Feudal Age
11:11 Double-Bit Axe
11:44 Town Watch
14:45 Scale Barding Armor
Boomer
0:34 Loom
9:49 Feudal Age
10:38 Double-Bit Axe
10:35 Horse Collar
16:25 Wheelbarrow
17:39 Bloodlines
Oldspice
0:36 Loom
10:30 Feudal Age
11:29 Double-Bit Axe
13:21 Fletching
15:06 Horse Collar
IVIUSTANG
10:31 Feudal Age
10:43 Man-at-Arms
11:27 Double-Bit Axe
11:43 Loom
Connection lost

Rejoining the realm…

Still unreachable

The connection could not be restored.

Session expired

The server has moved on; the page needs a fresh start.